 Dungeon Crawl Stone Soup version 0.21-a0-426-g98080a9 (webtiles) character file.

2686 tof the Carver (level 9, -4/78 (79) HPs)
             Began as a Minotaur Berserker on Nov 6, 2017.
             Was an Elder of Trog.
             Slain by a hippogriff (5 damage)
             ... on level 7 of the Dungeon.
             The game lasted 00:08:31 (5643 turns).

tof the Carver (Minotaur Berserker)                 Turns: 5643, Time: 00:08:31

HP:   -4/78 (79)    AC:  7    Str: 21      XL:     9   Next: 38%
MP:   8/8           EV: 10    Int:  4      God:    Trog [****..]
Gold: 232           SH:  7    Dex: 12 (14) Spells: 8/8 levels left

rFire    . . .     SeeInvis .   a - +0 falchion
rCold    . . .     Gourm    +   I - +0 shield
rNeg     . . .     Faith    .   t - +0 ring mail
rPois    .         Spirit   .   (helmet restricted)
rElec    .         Reflect  .   (no cloak)
rCorr    .         Harm     .   (no gloves)
MR       ++...                  (no boots)
Stlth    +.........             s - amulet of the gourmand
HPRegen  1.23/turn              j - +1 ring of protection
MPRegen  0.11/turn              (no ring)

@: lethally poisoned (-4 -> -5), regenerating, drained
A: retaliatory headbutt, horns 2
a: Berserk, Trog's Hand, Brothers in Arms, Burn Spellbooks, Renounce Religion


You were on level 7 of the Dungeon.
You worshipped Trog.
Trog was greatly pleased with you.
You were very full.

You visited 1 branch of the dungeon, and saw 7 of its levels.

You collected 232 gold pieces.

Inventory:

Hand Weapons
 a - a +0 falchion (weapon)
 b - a +0 blowgun
Missiles
 i - 26 poisoned needles
 m - 5 javelins (quivered)
 w - 8 tomahawks of returning
 F - 2 tomahawks
Armour
 t - a +0 ring mail (worn)
 I - a +0 shield (worn)
Jewellery
 j - a +1 ring of protection (left hand)
 s - an amulet of the gourmand (around neck)
Wands
 u - a wand of random effects (21/48)
 B - a wand of polymorph (5/24)
 G - a wand of random effects (34/48)
Scrolls
 e - a scroll of fog
 h - a scroll of blinking
 k - 3 scrolls of remove curse
 l - 7 scrolls of teleportation
 r - a scroll of identify
 C - 3 scrolls of fear
Potions
 d - 2 potions of brilliance
 f - a potion of ambrosia {unknown}
 g - 2 potions of mutation {unknown}
 o - a potion of lignification {unknown}
 p - 5 potions of curing {unknown}
 z - a potion of magic {unknown}
 A - a potion of agility {unknown}
 E - a potion of resistance {unknown}
 H - a potion of might {unknown}
 J - a potion of degeneration {unknown}
Books
 v - a book of Callings

   Spells                             Type                      Level
   a - Summon Small Mammal            Summoning                    1
   b - Call Imp                       Summoning                    2
   c - Call Canine Familiar           Summoning                    3
   d - Summon Guardian Golem          Hexes/Summoning              3
   e - Summon Lightning Spire         Summoning/Air                4
   f - Summon Ice Beast               Ice/Summoning                4
   Trog disapproves of the use of such an item.
Comestibles
 c - 3 bread rations
 n - a royal jelly
 q - 3 meat rations
 y - 2 fruits
 D - 2 chunks of flesh


   Skills:
 + Level 7.4(6.4) Fighting
 * Level 10.1(9.0) Long Blades
 - Level 3.2(2.4) Throwing
 + Level 6.9(6.0) Armour
 + Level 6.3(5.4) Dodging
 + Level 0.9(0.1) Shields


You had 8 spell levels left.
You didn't know any spells.

Dungeon Overview and Level Annotations

Branches:
Dungeon (7/15)             Temple (0/1) D:5

Altars:
Sif Muna
Trog
Wu Jian
Zin
The Shining One


Innate Abilities, Weirdness & Mutations

You reflexively headbutt those who attack you in melee.
You have a pair of horns on your head.


Message History

You barely miss the hippogriff.
The hippogriff is severely wounded.
* * * LOW HITPOINT WARNING * * *
You feel sick. The hippogriff barely misses you.
You riposte.
You closely miss the hippogriff.
The hippogriff is severely wounded.
The hippogriff pecks you.
* * * LOW HITPOINT WARNING * * *
The hippogriff barely misses you. The worker ant closely misses you.
The quokka bites you.
* * * LOW HITPOINT WARNING * * *
Your skin crawls.
You feel resistant to hostile enchantments.
You feel somewhat less full.
You feel sick. The worker ant completely misses you.
The hippogriff bites you but does no damage.
The hippogriff pecks you.
* * * LOW HITPOINT WARNING * * *
The hippogriff claws you.
You die...

#.# ... #.###....
.#############>#.#.....
.......#.....##...<.....
.).................. ...
............>.....# ....
.............?...$#.....
..................(.....
(....(.........#@r......
..<............#Ha...%..
...............#........
#.....?........#........
##.....#......!#....$...
##...######............
###...# #...#........
.....## #.###........
......


You could see a hippogriff, a worker ant and a quokka.

Vanquished Creatures
  The ghost of DsMo the Cleaver, a novice NaBe of Trog (D:5)
  The ghost of tof the Slasher, a novice MiBe of Trog (D:4)
  The ghost of namelastname112 the Gusty, a novice TeAE of Dithmenos (D:6)
  Sigmund (D:3)
  Edmund (D:6)
  A water moccasin (D:5)
  A hornet zombie (D:5)
  A phantom (D:4)
  A necrophage (D:5)
  The ghost of cedi the Shield-Bearer, an amateur MiFi (D:3)
  3 ogres
  Blork the orc (D:6)
  A scorpion (D:5)
  A howler monkey (D:5)
  2 hounds
  A jelly (D:6)
  A quasit (D:7)
  3 orc wizards
  3 iguanas
  A worker ant (D:5)
  6 adders
  3 gnolls (D:5)
  2 shadow imps
  2 oozes
  An adder skeleton (D:4)
  5 worms
  8 leopard geckos
  7 orcs
  2 ball pythons
  6 giant cockroaches
  8 goblins
  9 hobgoblins
  11 jackals
  4 quokkas
  7 bats
  2 frilled lizards
  10 kobolds
  A leopard gecko zombie (D:6)
  2 quokka skeletons (D:5)
  10 rats
133 creatures vanquished.

Vanquished Creatures (others)
  A frilled lizard (D:3)
1 creature vanquished.

Grand Total: 134 creatures vanquished

Notes
Turn   | Place    | Note
-------+----------+-------------------------------------------
     0 | D:1      | tof the Minotaur Berserker began the quest for the Orb.
     0 | D:1      | Reached XP level 1. HP: 19/19 MP: 0/0
   199 | D:1      | Reached XP level 2. HP: 26/27 MP: 1/1
   286 | D:1      | Reached skill level 4 in Long Blades
   457 | D:1      | Reached ** piety under Trog
   629 | D:1      | Reached XP level 3. HP: 32/33 MP: 2/2
  1254 | D:2      | Reached XP level 4. HP: 31/40 MP: 3/3
  1770 | D:3      | Reached skill level 5 in Long Blades
  1771 | D:3      | Noticed Sigmund
  1781 | D:3      | Killed Sigmund
  1781 | D:3      | Reached XP level 5. HP: 47/47 MP: 4/4
  1789 | D:3      | Reached XP level 6. HP: 55/55 MP: 5/5
  1909 | D:3      | Noticed cedi's ghost (amateur MiFi)
  1925 | D:3      | Killed cedi's ghost
  1925 | D:3      | Reached *** piety under Trog
  1925 | D:3      | Reached skill level 5 in Fighting
  1925 | D:3      | Reached skill level 6 in Long Blades
  1947 | D:3      | Received a gift from Trog
  2417 | D:3      | Found a deep blue altar of Sif Muna.
  2782 | D:4      | Found an ornate altar of the Wu Jian Council.
  2839 | D:4      | Noticed tof's ghost (novice MiBe)
  2856 | D:4      | Killed tof's ghost
  2856 | D:4      | Reached skill level 7 in Long Blades
  2856 | D:4      | Reached skill level 5 in Armour
  2856 | D:4      | Reached XP level 7. HP: 53/62 MP: 6/6
  3220 | D:4      | Found a glowing silver altar of Zin.
  3402 | D:5      | Entered Level 5 of the Dungeon
  3426 | D:5      | Reached XP level 8. HP: 50/70 MP: 7/7
  3528 | D:5      | Found a staircase to the Ecumenical Temple.
  3533 | D:5      | Noticed DsMo's ghost (novice NaBe)
  3548 | D:5      | Killed DsMo's ghost
  3548 | D:5      | Reached skill level 8 in Long Blades
  3548 | D:5      | Reached skill level 1 in Throwing
  3548 | D:5      | Reached skill level 5 in Dodging
  3672 | D:5      | Reached skill level 9 in Long Blades
  4168 | D:5      | Found a glowing golden altar of the Shining One.
  4539 | D:6      | Noticed namelastname112's ghost (novice TeAE)
  4546 | D:6      | Killed namelastname112's ghost
  4546 | D:6      | Reached XP level 9. HP: 78/78 MP: 8/8
  4876 | D:6      | Reached **** piety under Trog
  4919 | D:6      | Noticed a moth of wrath
  4919 | D:6      | Noticed Blork the orc
  4925 | D:6      | Killed Blork the orc
  4926 | D:6      | Found a bloodstained altar of Trog.
  5352 | D:6      | Noticed Edmund
  5371 | D:6      | Killed Edmund
  5371 | D:6      | Reached skill level 10 in Long Blades
  5643 | D:7      | HP: 1/78 [hippogriff (5)]
  5643 | D:7      | Slain by a hippogriff

Vault maps used:
D:1:      sevenhm_arrival_forest_fort_large_4, minmay_circled_x
D:3:      led_sif_book, first_bread, guppyfry_early_lair_pool, uniq_sigmund
D:4:      old_standard_altar, lemuel_coloured_pillars_altar
D:5:      nicolae_overflow_hidden_temple, temple_green
D:6:      tgw_trog, uniq_blork_the_orc, uniq_edmund
D:7:      serial_shops, shop, lemuel_mausoleum_altar_kikubaaqudgha,
          uniq_crazy_yiuf_cottage

Skill      XL: |  1  2  3  4  5  6  7  8  9 |
---------------+----------------------------+-----
Long Blades    | 4 5 7 9 10 | 10.1
Fighting       | 4 5 6 7 |  7.4
Armour         | 3 4 5 6 |  6.9
Dodging        | 3 4 6 |  6.3
Throwing       | 3 |  3.2
Shields        | |  0.9

Action                   |  1- 3 |  4- 6 |  7- 9 || total
-------------------------+-------+-------+-------++-------
Melee: Falchion          |    79 |   115 |   169 ||   363
       Headbutt          |    14 |    23 |    43 ||    80
 Fire: Blowgun           |       |    16 |       ||    16
Throw: Javelin           |       |       |     3 ||     3
Invok: Berserk           |       |     3 |     3 ||     6
       Trog's Hand       |       |     1 |     2 ||     3
  Use: Scroll            |       |       |     7 ||     7
  Eat: Chunk             |     1 |    17 |    16 ||    34
Armor: Animal skin       |    11 |     2 |       ||    13
       Ring mail         |       |    36 |    50 ||    86
Dodge: Dodged            |    55 |    86 |   101 ||   242
Block: Shield            |       |       |    24 ||    24
       Rpst.: Falchion   |    12 |    23 |    24 ||    59

Table legend:
 A = Spawn XP
 B = Non-spawn XP
 C = Spawn XP percentage of total XP
 D = Spawn monster count
 E = Non-spawn monster count
 F = Spawn count percentage of total count
 G = Total turns spent on level
                    A         B        C        D         E        F      G
               +---------+---------+-------+---------+---------+-------+---------
         Total |       0 |    3838 |   0.0 |       0 |     133 |   0.0 |  5643
               +---------+---------+-------+---------+---------+-------+---------
           D:1 |       0 |      61 |   0.0 |       0 |      33 |   0.0 |  1020
           D:2 |       0 |      86 |   0.0 |       0 |      16 |   0.0 |   747
           D:3 |       0 |     489 |   0.0 |       0 |      26 |   0.0 |   885
           D:4 |       0 |     662 |   0.0 |       0 |       9 |   0.0 |   750
           D:5 |       0 |    1443 |   0.0 |       0 |      18 |   0.0 |  1057
           D:6 |       0 |    1041 |   0.0 |       0 |      28 |   0.0 |  1085
           D:7 |       0 |      56 |   0.0 |       0 |       3 |   0.0 |    99
               +---------+---------+-------+---------+---------+-------+---------
